 Dungeon Crawl Stone Soup version 0.30-b1-2-g02819fbbbe (webtiles) character file.

Game seed: 9508986452946217490

21 Alarkh the Insei (level 2, 0/21 HPs)
             Began as a Demonspawn Transmuter on July 6, 2023.
             Slain by a hobgoblin (3 damage)
             ... on level 1 of the Dungeon.
             The game lasted 00:01:03 (990 turns).

Alarkh the Insei (Demonspawn Transmuter)             Turns: 990, Time: 00:01:04

Health: 0/21       AC:  2    Str: 10    XL:     2   Next: 62%
Magic:  5/5        EV: 12    Int: 14    God:
Gold:   76         SH:  0    Dex: 13    Spells: 4/5 levels left

rFire   . .          .
                       - Unarmed
rCold   . . .        (no shield)
rNeg    . . .        a - +0 robe
rPois   .            (no helmet)
rElec   .            (no cloak)
rCorr   .            (no gloves)
SInv    .            (no boots)
Will    .....        (no amulet)
Stlth   +            (no ring)
HPRegen 0.23/turn    (no ring)
MPRegen 0.09/turn

%: no passive effects
@: no status effects
A: weakness stinger 1
a: no special abilities


You were on level 1 of the Dungeon.
You visited 1 branch of the dungeon, and saw 2 of its levels.

You collected 76 gold pieces.

Inventory:

Armour
 a - a +0 robe (worn)
Jewellery
 g - an amulet of faith
Scrolls
 c - a scroll of acquirement {unknown}
 d - 3 scrolls of blinking {unknown}
 f - a scroll of amnesia {unknown}
 i - a scroll of teleportation {unknown}
 j - a scroll of identify {unknown}
 k - a scroll of noise {unknown}
Potions
 b - a potion of lignification
 e - a potion of might {unknown}
 h - a potion of degeneration {unknown}
 l - a potion of cancellation {unknown}


   Skills:
 - Level 1.0 Fighting
 - Level 1.7 Dodging
 + Level 3.6 Unarmed Combat
 - Level 2.0 Spellcasting
 - Level 1.7 Transmutations


You had 4 spell levels left.
You knew the following spells:

 Your Spells              Type           Power      Damage    Failure   Level
a - Beastly Appendage     Tmut           12%        N/A       12%         1

Your spell library contained the following spells:

 Spells                   Type           Power      Damage    Failure   Level
 Wereblood                Tmut           6%         N/A       17%         2
 Slow                     Hex            4%         N/A       24%         1
 Spider Form              Tmut/Pois      3%         N/A       45%         3
 Confusing Touch          Hex            1%         N/A       56%         3
 Vampiric Draining        Necr           1%         2d6       56%         3
 Ice Form                 Ice/Tmut       3%         N/A       86%         4


Dungeon Overview and Level Annotations

Branches:
Dungeon (2/15)

Altars:


Innate Abilities, Weirdness & Mutations

You have a small tail.


Message History

The hobgoblin hits you. The rat barely misses you. The endoplasm freezes you.
You are frozen.
You are too injured to fight recklessly!
You are too injured to fight recklessly!
You are too injured to fight recklessly!
You are too injured to fight recklessly!
You are too injured to fight recklessly!
You are too injured to fight recklessly!
You are too injured to fight recklessly!
You are too injured to fight recklessly!
You are too injured to fight recklessly!
You are too injured to fight recklessly!
You are too injured to fight recklessly!
You are too injured to fight recklessly!
You are too injured to fight recklessly!
You are too injured to fight recklessly!
You are too injured to fight recklessly!
You are too injured to fight recklessly!
The hobgoblin hits you.
* * * LOW HITPOINT WARNING * * *
The rat barely misses you.
The endoplasm hits you but does no damage.
You climb upwards.
There is a stone staircase leading down here.
The rat attacks as you move away! The rat closely misses you.
Your horns disappear.
Your talons disappear.
The endoplasm freezes you.
You are frozen.
* * * LOW HITPOINT WARNING * * *
The endoplasm barely misses you.
There is a shaft here.
The endoplasm falls through a shaft!
The shaft crumbles and collapses.
You closely miss the hobgoblin. Your punch misses the hobgoblin.
The hobgoblin is almost dead.
The hobgoblin barely misses you.
You barely miss the hobgoblin.
The hobgoblin is almost dead.
The hobgoblin hits you.
You die...

#........##.............
#.###################...
#.# #............# #...
#.# ##.##########.###.).
#.# #...#####...........
#.# #..............##.#.
#.# #.......>...........
#.# #...r...............
#.# #..@g########...###.
#.# #....########.......
#.# ##.#..........#.####
#.# #.#............# #.#
#.#################
#.####..................
#.......รท...............
#####.#################.
#...#...............


You could see a hobgoblin and a rat.

Vanquished Creatures
  2 dart slugs (D:1)
  A bat (D:1)
  An endoplasm (D:1)
  A giant cockroach (D:1)
  4 goblins (D:1)
  A kobold (D:1)
  A quokka (D:1)
  3 frilled lizards (D:1)
  A rat (D:1)
15 creatures vanquished.

Notes
Turn   | Place    | Note
-------+----------+-------------------------------------------
     0 | D:1      | Alarkh the Demonspawn Transmuter began the quest for the
                  | Orb.
     0 | D:1      | Reached XP level 1. HP: 15/15 MP: 3/3
   275 | D:1      | Reached skill level 3 in Unarmed Combat
   298 | D:1      | Discovered your monstrous ancestry.
   298 | D:1      | Gained mutation: You have a small tail. [demonic ancestry]
   298 | D:1      | Reached XP level 2. HP: 18/21 MP: 3/5
   990 | D:1      | Slain by a hobgoblin

Illustrated notes

Levels and vault maps discovered:
D:1:      tarquinn_simple_flora_water_e, layout_basic, chequers_avenue,
          minmay_misc_feat_plants
D:2:      layout_basic, item_on_display_a

Skill      XL: |  1 |
---------------+----+-----
Unarmed Combat | 3 |  3.6
Fighting       | |  1.0
Dodging        | |  1.7
Spellcasting   | |  2.0
Transmutations | |  1.7

Action                     || total
---------------------------++-------
  Melee: Unarmed           ||    46
         Kick              ||     8
         Headbutt          ||     2
         Tailslap          ||     2
   Cast: Beastly Appendage ||    12
 Armour: Robe              ||    10
  Dodge: Dodged            ||    32
